 Dungeon Crawl Stone Soup version 0.30-a0-696-g2367cd04db (webtiles) character file.

Game seed: 12144736798567092666

14786 BigDaddyOpFi the Protected (level 11, -11/94 HPs)
             Began as an Armataur Fighter on Jan 20, 2023.
             Was a Believer of Hepliaklqana.
             Mangled by an orc warrior
             ... wielding a +0 dire flail
              (18 damage)
             ... on level 10 of the Dungeon.
             The game lasted 00:20:11 (11243 turns).

BigDaddyOpFi the Protected (Armataur Fighter)      Turns: 11243, Time: 00:20:12

Health: -11/94     AC: 15    Str: 29    XL:     11   Next: 93%
Magic:  11/11      EV:  6    Int:  7    God:    Hepliaklqana [**....]
Gold:   513        SH:  8    Dex: 12    Spells: 10/10 levels left

rFire   . . .      SeeInvis .    K - +6 war axe (heavy)
rCold   . . .      Faith    .    c - +2 buckler
rNeg    . . .      Spirit   .    f - +0 plate armour
rPois   .          Reflect  .    (no helmet)
rElec   .          Harm     .    l - +0 cloak
rCorr   .          Roll     +    (no gloves)
Will    .....                    (no barding) Stlth
                                 k - amulet of regeneration
HPRegen 1.15/turn                (no ring)
MPRegen 0.12/turn                (no ring)

@: mighty
A: reduced essence, large, rugged brown scales 3, deformed body, armoured tail,
roll, long tongue, awkward tongue, agile 1, strong 1
a: Renounce Religion, Recall Ancestor, Ancestor Identity


You were on level 10 of the Dungeon.
You worshipped Hepliaklqana.
Hepliaklqana was pleased with you.
You visited 2 branches of the dungeon, and saw 11 of its levels.
You also visited: Sewer and Bailey.

You collected 562 gold pieces.
You spent 49 gold pieces at shops.

Inventory:

Hand Weapons
 a - a +1 war axe
 g - a +9 vampiric hand axe
 j - a +2 quarterstaff of chaos
 F - a +0 arbalest
 K - a +6 heavy war axe (weapon)
Missiles
 y - a throwing net
Armour
 c - a +2 buckler (worn)
 f - a +0 plate armour (worn)
 l - a +0 cloak (worn)
 u - a +0 tower shield
Jewellery
 b - a ring of willpower
 k - an amulet of regeneration (around neck)
 D - a ring of resist corrosion
 G - a ring of flight
Wands
 m - a wand of iceblast (36) (quivered)
 o - a wand of flame (8)
 p - a wand of polymorph (10)
 w - a wand of digging (4)
 z - a wand of light (3)
Scrolls
 h - a scroll of fog
 n - 3 scrolls of noise
 q - 3 scrolls of immolation
 v - a scroll of silence {unknown}
 A - a scroll of vulnerability
 E - 2 scrolls of amnesia {unknown}
 H - a scroll of acquirement {unknown}
 J - a scroll of magic mapping
Potions
 e - 3 potions of curing
 t - a potion of attraction
 x - a potion of magic
 B - 2 potions of flight
 I - a potion of lignification


   Skills:
 + Level 9.5 Fighting
 + Level 8.4 Axes
 + Level 12.2 Armour
 + Level 11.2 Shields


You had 10 spell levels left.
You didn't know any spells.
Your spell library contained the following spells:

 Spells                   Type           Power      Damage    Failure   Level
 Shock                    Conj/Air       0%         1d3       98%         1
 Blink                    Tloc           0%         N/A       99%         2
 Lesser Beckoning         Tloc           0%         N/A       99%         2
 Momentum Strike          Conj/Tloc      0%         3d8       99%         2
 Swiftness                Air            0%         N/A       100%        3
 Airstrike                Air            0%         2d(0-16)  100%        4


Dungeon Overview and Level Annotations

Branches:
Dungeon (10/15)            Temple (1/1) D:7             Orc (0/2) D:10
  Sewer (visited)          Bailey (visited)
   Lair: D:8-11

Altars:
Ashenzari
Cheibriados
Dithmenos
Elyvilon
Fedhas
Gozag
Hepliaklqana
Kikubaaqudgha
Makhleb
Nemelex Xobeh
Okawaru
Qazlal
Ru
Sif Muna
Trog
Uskayaw
Wu Jian
Xom
Yredelemnul
Zin
The Shining One

Shops:
D:2 [   D:4 *   D:9 [   D:10 (

Annotations:
D:4 Eustachio


Innate Abilities, Weirdness & Mutations

Your life essence is reduced to manifest your ancestor. (-10% HP)
You are completely covered in rugged brown scales. (AC +3, +7% HP)
Armour fits poorly on your strangely shaped body.
You have a long armoured tail.
You roll when moving toward enemies. (Rampage)
Your long tongue fully drains potion bottles. (2x potion effects)
Your tongue gives you trouble enunciating. (1.5x scroll delay)
You are agile. (Dex +4, Str/Int -1)
Your muscles are strong. (Str +4, Int/Dex -1)


Message History

The boulder beetle bites you but does no damage.
Dwindlecock hits the boulder beetle but does no damage.
The boulder beetle waves its antennae.
Dwindlecock blocks the boulder beetle's attack.
The orc knight hits you with a +0 dire flail!
Dwindlecock hits the boulder beetle but does no damage.
The boulder beetle barely misses dwindlecock.
You hit the boulder beetle.
You tail-slap the boulder beetle, but do no damage.
The boulder beetle is severely wounded.
You slash the orc knight!
Dwindlecock hits the boulder beetle but does no damage.
The boulder beetle bites you!!
The orc warrior hits you with a +0 dire flail!
* * * LOW HITPOINT WARNING * * *
The orc knight hits you with a +0 dire flail!
* * * LOW HITPOINT WARNING * * *
You are too confused!
You slash the boulder beetle!
The boulder beetle is almost dead.
You closely miss the orc warrior. You barely miss the orc knight.
You feel less invigorated.
You feel less confused.
Dwindlecock hits the boulder beetle with a +0 flail!
The boulder beetle dies!
You block the orc warrior's attack.
The orc knight hits you with a +0 dire flail!
* * * LOW HITPOINT WARNING * * *
Dwindlecock closely misses the orc knight.
Unknown command.
Okay, then.
You slurp down every last drop of the 4 potions of curing!
You feel better.
The orc warrior hits you with a +0 dire flail!
* * * LOW HITPOINT WARNING * * *
The orc knight barely misses you.
Dwindlecock hits the orc knight but does no damage.
The orc warrior attacks as you move away!
The orc warrior hits you with a +0 dire flail!!
You die...

.........##.##...##.#.##.......##
o..............⌠......#.....†...#
#####+##.##.##...##.#............
#........#. #)#.#}#......._._....
#........##.###.###.#......⌠..)..
'.........##.......###...._._....
#########..##.#o#.##.#...........
.... ....###o###..##.........#
..... .......o@.....##.......##
...... ........R...#..##.....##
...... ........#...# ###.###
...... ........##...# ... #
.....# ####'#... ..## ...'... ..#
....#.... .# .....#.... .# ####
#.....


You could see the friendly dwindlecock the knight, an orc knight, an orc warrior
(strong, ally target) and an orc (strong).

Vanquished Creatures
  A centaur warrior (D:10)
  A deep elf pyromancer (D:10)
  A cyclops (D:10)
  A manticore (D:10)
  A black mamba (shapeshifter) (D:9)
  A gargoyle (D:10)
  An unseen horror (D:10)
  An efreet (D:10)
  A komodo dragon (D:10)
  A troll (D:9)
  The ghost of bmack86 the Chopper, an amateur MiFi (D:4)
  A hornet (D:7)
  Grinder (D:5)
  9 yaks
  A shadow (D:10)
  2 wyverns (D:9)
  2 steam dragons (D:7)
  Menkaure (D:7)
  Edmund (D:5)
  6 orc warriors
  6 black bears
  3 sky beasts
  Pargi (Sewer)
  3 ogres
  2 ice beasts
  2 centaurs
  3 kobold brigands
  3 phantoms
  2 gnoll sergeants
  3 bullfrogs
  2 scorpions (D:5)
  15 wights
  A killer bee (D:10)
  2 howler monkeys (D:10)
  4 hounds
  2 gnoll boudas (D:7)
  3 jellies
  3 orc priests
  Crazy Yiuf (D:5)
  Ijyb (D:4)
  8 iguanas
  6 orc wizards
  Natasha (thrice) (D:2)
  23 gnolls
  9 adders
  A river rat (D:3)
  2 shadow imps
  A white imp (D:8)
  An ufetubus (D:5)
  3 worms
  5 dart slugs
  40 orcs
  4 bats
  6 endoplasms
  2 giant cockroaches
  12 goblins
  13 hobgoblins
  26 kobolds
  3 quokkas
  6 ball pythons
  A frilled lizard (D:1)
  9 rats
281 creatures vanquished.

Vanquished Creatures (collateral kills)
  A boulder beetle (D:10)
  A manticore (D:10)
  A cyclops (D:9)
  6 yaks
  An acid dragon (D:10)
  8 orc warriors
  A centaur (D:9)
  A kobold brigand (D:9)
  A gnoll sergeant (D:9)
  A bullfrog (D:9)
  A killer bee (D:10)
  An orc priest (D:10)
  An orc wizard (D:9)
  2 orcs
  5 kobolds
32 creatures vanquished.

Vanquished Creatures (others)
  An ancestor (D:8)
  4 knights
  32 plants
37 creatures vanquished.

Grand Total: 350 creatures vanquished

Notes
Turn   | Place    | Note
-------+----------+-------------------------------------------
     0 | D:1      | BigDaddyOpFi the Armataur Fighter began the quest for the
                  | Orb.
     0 | D:1      | Reached XP level 1. HP: 19/19 MP: 1/1
   126 | D:1      | Reached XP level 2. HP: 25/26 MP: 2/2
   379 | D:1      | Reached skill level 4 in Armour
   381 | D:1      | Reached XP level 3. HP: 24/33 MP: 3/3
   760 | D:2      | Noticed Natasha
   766 | D:2      | Killed Natasha
   779 | D:2      | Reached XP level 4. HP: 40/40 MP: 4/4
   920 | D:2      | Found Yrexycsokh's Armour Shoppe.
   923 | D:2      | Noticed Natasha
   932 | D:2      | Killed Natasha
   975 | D:2      | Noticed Natasha
   985 | D:2      | Killed Natasha
  1233 | D:3      | Reached XP level 5. HP: 40/48 MP: 5/5
  1611 | D:3      | Found a glowing drain.
  1628 | Sewer    | Entered a sewer
  1631 | Sewer    | Noticed Pargi
  1639 | Sewer    | Killed Pargi
  1640 | Sewer    | Reached skill level 5 in Armour
  1822 | D:3      | Reached XP level 6. HP: 55/55 MP: 6/6
  2320 | D:4      | Found Casuc's Mass Market.
  2330 | D:4      | Bought a +0 tower shield for 49 gold pieces
  2465 | D:4      | Reached skill level 5 in Shields
  2475 | D:4      | Reached XP level 7. HP: 43/64 MP: 7/7
  2505 | D:4      | Found a runed translucent door.
  2505 | D:4      | Noticed bmack86's ghost (amateur MiFi)
  2519 | D:4      | Killed bmack86's ghost
  2520 | D:4      | Reached skill level 6 in Armour
  2776 | D:4      | Found a shimmering altar of Xom.
  2776 | D:4      | Found a shimmering altar of Xom.
  2778 | D:4      | Found a shimmering altar of Xom.
  2778 | D:4      | Found a shimmering altar of Xom.
  2781 | D:4      | Found a shimmering altar of Xom.
  2812 | D:4      | Noticed Ijyb
  2821 | D:4      | Killed Ijyb
  2965 | D:5      | Entered Level 5 of the Dungeon
  2972 | D:5      | Noticed Eustachio
  3190 | D:4      | Gained mutation: Your muscles are strong. (Str +4, Int/Dex
                  | -1) [potion of mutation]
  3190 | D:4      | Gained mutation: Potions are less effective at restoring
                  | your health. [potion of mutation]
  3190 | D:4      | Lost mutation: Potions are less effective at restoring your
                  | health. [potion of mutation]
  3190 | D:4      | Gained mutation: You are agile. (Dex +4, Str/Int -1)
                  | [potion of mutation]
  3206 | D:4      | Reached skill level 5 in Fighting
  3206 | D:4      | Reached XP level 8. HP: 32/72 MP: 8/8
  3320 | D:5      | Noticed Grinder
  3336 | D:5      | Killed Grinder
  3337 | D:5      | Reached skill level 7 in Armour
  3650 | D:5      | Found an ornate altar of the Wu Jian Council.
  3651 | D:5      | Found a glowing golden altar of the Shining One.
  3674 | D:5      | Reached skill level 5 in Axes
  3684 | D:5      | Reached skill level 8 in Armour
  3684 | D:5      | Reached XP level 9. HP: 62/80 MP: 9/9
  3739 | D:5      | Noticed Edmund
  3763 | D:5      | Killed Edmund
  3794 | D:5      | Found a runed translucent door.
  3795 | D:5      | Noticed Crazy Yiuf
  3917 | D:5      | Killed Crazy Yiuf
  5958 | D:7      | Reached skill level 9 in Armour
  6101 | D:7      | Found a staircase to the Ecumenical Temple.
  6106 | D:7      | Noticed Menkaure
  6109 | D:7      | Found a sparkling altar of Nemelex Xobeh.
  6112 | D:7      | Killed Menkaure
  6129 | Temple   | Entered the Ecumenical Temple
  6201 | Temple   | Became a worshipper of Hepliaklqana the Forgotten
  6606 | D:7      | Reached XP level 10. HP: 81/91 MP: 10/10
  6786 | D:7      | Reached * piety under Hepliaklqana
  7206 | D:8      | Reached skill level 10 in Armour
  7270 | D:8      | Found a basalt altar of Yredelemnul.
  7778 | D:8      | Found a flagged portal.
  7786 | Bailey   | Entered a bailey
  8115 | Bailey   | Reached ** piety under Hepliaklqana
  8118 | Bailey   | Remembered your ancestor dwindlecock as a knight
  8423 | Bailey   | Noticed an orc knight
  8771 | D:9      | Found a shimmering blue altar of Sif Muna.
  9144 | D:9      | Found Housa's Antique Armour Boutique.
  9157 | D:9      | Noticed a cyclops
  9169 | D:9      | Killed a cyclops
  9170 | D:9      | Reached skill level 10 in Shields
  9170 | D:9      | Reached XP level 11. HP: 79/92 MP: 11/11
  9389 | D:10     | Entered Level 10 of the Dungeon
  9454 | D:10     | Found Jiphying's Weapon Shop.
  9480 | D:10     | Noticed an orc knight
  9482 | D:10     | Reached skill level 11 in Armour
  9496 | D:10     | Noticed a boulder beetle
  9497 | D:10     | Noticed a centaur warrior
  9525 | D:10     | Found an opulent altar of Gozag.
  9591 | D:10     | Found a staircase to the Orcish Mines.
 10623 | D:10     | Killed a centaur warrior
 10926 | D:10     | Found an ornate altar of the Wu Jian Council.
 10931 | D:10     | Found a hazy altar of Hepliaklqana.
 10933 | D:10     | Reached skill level 12 in Armour
 11008 | D:10     | Noticed a deep elf pyromancer
 11009 | D:10     | Found a sparkling altar of Nemelex Xobeh.
 11009 | D:10     | Found a shimmering blue altar of Sif Muna.
 11015 | D:10     | Killed a deep elf pyromancer
 11241 | D:10     | Killed a boulder beetle
 11243 | D:10     | Mangled by an orc warrior

Illustrated notes

Levels and vault maps discovered:
D:1:      giann_forest_graveyard, layout_basic, nicolae_grassy_gnolls
D:2:      layout_basic, serial_shops, nicolae_square_shop, uniq_natasha
D:3:      layout_basic, portal_sewer_entry_c, minmay_door_square,
          minmay_misc_feat_cross
D:4:      layout_loops_cross, xom_redecorated, ebering_ghost_reflecting_pool,
          minmay_shop_mass, grunt_decor_cap, corexii_item_surrounded_by_moat,
          grunt_decor_one_mirror, kennysheep_another_room, uniq_ijyb
D:5:      layout_rooms, jmf_multi_god_temple, uniq_grinder, uniq_edmund,
          uniq_crazy_yiuf_cottage, uniq_eustachio
D:6:      corexii_shantytown, layout_basic
D:7:      layout_gridville, mainiacjoe_overflow_small_starburst,
          minmay_temple_entry_offerings, minmay_quadrilaterals, uniq_menkaure
D:8:      layout_loops_ring, kennysheep_mini_moat, enter_bailey_7
D:9:      layout_roguey, old_standard_altar, serial_shops, nicolae_diamond_shop
D:10:     minmay_the_grid_octo_triangle [minmay_the_grid_octo_shrine,
          minmay_the_grid_octo_prize_square_snowflake,
          minmay_the_grid_octo_focus], layout_gridville,
          mainiacjoe_overflow_brackets, grunt_gozag_breadcrumbs,
          david_lair_shrubbed, david_orc_5, nicolae_take_the_stairs
Temple:   zaba_magenta_temple

Skill      XL: |  1  2  3  4  5  6  7  8  9 10 11 |
---------------+----------------------------------+-----
Fighting       | 3 4 5 6 7 8 9 |  9.5
Axes           | 2 3 4 5 6 7 8 |  8.4
Armour         | 4 5 6 8 9 10 12 | 12.2
Shields        | 4 5 6 7 8 10 11 | 11.2

Action                   |  1- 3 |  4- 6 |  7- 9 | 10-12 || total
-------------------------+-------+-------+-------+-------++-------
Melee: War axe           |    50 |    82 |       |    51 ||   183
       Tailslap          |     6 |    18 |    54 |    57 ||   135
       Hand axe          |       |    62 |   410 |   308 ||   780
Invok: Ancestor Life: Kn |       |       |       |     1 ||     1
       Ancestor Identity |       |       |       |     1 ||     1
       Recall Ancestor   |       |       |       |     2 ||     2
Evoke: Wand              |       |       |       |     1 ||     1
  Use: Scroll            |       |     8 |     4 |    17 ||    29
       Potion            |       |     3 |    14 |     7 ||    24
 Stab: Sleeping          |       |     1 |       |       ||     1
       Distracted        |       |       |       |     3 ||     3
Armor: Scale mail        |    31 |    74 |   124 |       ||   229
       Chain mail        |       |       |    61 |    18 ||    79
       Skin              |       |       |    15 |       ||    15
       Plate armour      |       |       |       |   180 ||   180
Dodge: Dodged            |    24 |    63 |   118 |    87 ||   292
Block: Buckler           |     8 |    38 |   156 |   178 ||   380

Table legend: (Time is in decaauts)
 A = Elapsed time spent in this place.
 B = Non-inter-level travel time spent in this place.
 C = Inter-level travel time spent in this place.
 D = Time resting spent in this place.
 E = Time spent auto-exploring this place.
 F = Levels seen in this place.
 G = Mean time per level.
                   A        B        C        D        E       F      G
               +--------+--------+--------+--------+--------+-----+--------+
         Total |  11346 |  10980 |    366 |   2849 |   5468 |  13 |  872.8 |
       Dungeon |  10444 |  10093 |    351 |   2443 |   5364 |  10 | 1044.4 |
        Temple |     87 |     72 |     15 |      0 |      0 |   1 |   87.0 |
         Sewer |    168 |    168 |      0 |      0 |    102 |   1 |  168.0 |
        Bailey |    645 |    645 |      0 |    406 |      2 |   1 |  645.0 |
               +--------+--------+--------+--------+--------+-----+--------+

Top non-repeatable levels by time:
     D:6: 1875 daAuts
     D:9: 1700 daAuts
     D:7: 1117 daAuts
     D:4: 1012 daAuts
     D:8: 983 daAuts
    D:10: 906 daAuts
     D:3: 885 daAuts
     D:1: 773 daAuts
     D:5: 740 daAuts
  Bailey: 645 daAuts
     D:2: 448 daAuts
   Sewer: 168 daAuts
  Temple: 87 daAuts
